Map: Moonlight Madness LE (Void)

Players

Pure

  • Race: Protoss Protoss
  • League: Diamond

Plurmorant - Winner!

  • Race: Zerg Zerg
  • League: Master

Event: ASL Season 5 Prime League LOTV Beta

VOD

Have the link to the VOD?

Description

Time

  • Played on: Sept. 16, 2015, 9:29 p.m.
  • Length: 4:02

All games in this series

Show
View Real Time Build Order
Export as new Build Order

Pure Protoss 

Build Orders:  

Get SALT Encoding   

  12  0:02  Probe (Chrono Boost)  
  13  0:17  Probe (Chrono Boost)  
  13  0:18  Pylon  
  14  0:27  Probe (Chrono Boost)  
  15  0:37  Probe (Chrono Boost)  
  16  0:47  Probe (Chrono Boost)  
  17  0:58  Probe (Chrono Boost)  
  18  1:08  Probe (Chrono Boost)  
  19  1:17  Nexus  
  19  1:22  Gateway  
  19  1:24  Probe (Chrono Boost)  
  20  1:32  Pylon  
  20  1:34  Probe (Chrono Boost)  
  20  1:38  Assimilator  
  21  1:41  Assimilator  
  21  1:44  Probe (Chrono Boost)  
  22  1:55  Probe (Chrono Boost)  
  23  2:05  Probe (Chrono Boost)  
  24  2:14  Cybernetics Core  
  24  2:15  Probe (Chrono Boost), Zealot  
  27  2:25  Probe (Chrono Boost)  
  27  2:29  Probe (Chrono Boost)  
  29  2:35  Probe (Chrono Boost)  
  30  2:38  Gateway  
  30  2:39  Probe (Chrono Boost)  
  31  2:45  Probe (Chrono Boost)  
  31  2:49  Probe (Chrono Boost)  
  33  2:55  Mothership Core (Chrono Boost), Adept  
  37  3:00  Probe (Chrono Boost)  
  37  3:03  Pylon  
  38  3:09  Assimilator  
  38  3:10  Probe (Chrono Boost)  
  39  3:13  Probe (Chrono Boost)  
  40  3:20  Probe (Chrono Boost)  
  40  3:23  Pylon  
  41  3:32  Probe x2 (Chrono Boost)  
  44  3:43  Probe x2 (Chrono Boost)  
  44  3:46  Pylon  
  46  3:50  Pylon  
Show
View Real Time Build Order
Export as new Build Order

Plurmorant Zerg - Winner!

Build Orders: Hatch First 

Get SALT Encoding   

  12  0:00  Drone  
  13  0:13  Overlord  
  13  0:17  Drone  
  13  0:20  Extractor  
  13  0:23  Drone  
  15  0:32  Drone  
  16  0:35  Drone  
  17  0:52  Hatchery  
  16  1:05  Spawning Pool  
  16  1:08  Drone  
  16  1:10  Extractor  
  15  1:12  Drone  
  15  1:17  Drone  
  17  1:21  Drone  
  18  1:30  Overlord  
  18  1:51  Queen  
  18  1:52  Zergling x4  
  22  2:02  Zergling x2  
  22  2:04  Queen  
  22  2:05  Zergling x2  
  26  2:12  Metabolic Boost  
  26  2:13  Zergling x2  
  27  2:16  Zergling x2  
  28  2:23  Zergling x2  
  28  2:26  Zergling x2  
  30  2:34  Zergling x2  
  30  2:36  Overlord  
  31  2:44  Zergling x2  
  31  2:47  Zergling x2  
  33  2:56  Overlord  
  34  2:58  Zergling x2  
  34  2:59  Zergling x4  
  34  3:00  Zergling x2  
  37  3:07  Zergling x2  
  37  3:08  Zergling x2  
  37  3:11  Zergling x2  
  37  3:12  Zergling x4  
  42  3:18  Zergling x2  
  43  3:20  Zergling x2  
  44  3:30  Zergling x2  
  44  3:31  Zergling x2  
  44  3:32  Overlord  
  44  3:33  Zergling x4  
Tags
 
Add a new tag
Caveats
  • Supply blocks, unpowered buildings, or Contaminate may cause inaccurate times.
  • Supply counts are checked every 10 seconds.